 Dungeon Crawl Stone Soup version 0.17-a0-1887-g3e50df6 (webtiles) character file.

198 Goblin1989 the Cutter (level 6, -2/35 HPs)
             Began as a Kobold Assassin on Sept 23, 2015.
             Killed by nerve-wracking pain
             ... invoked by Grinder
              (12 damage)
             ... on level 4 of the Dungeon.
             The game lasted 00:09:45 (3578 turns).

Goblin1989 the Cutter (Kobold Assassin)             Turns: 3578, Time: 00:09:45

Health: -2/35      AC:  3    Str: 10    XL:     6   Next: 6%
Magic:  6/6        EV: 14    Int: 14    God:
Gold:   213        SH:  0    Dex: 19    Spells: 0 memorised, 5 levels left

rFire  x . .     SeeInvis .     a - +2 dagger
rCold  + . .     Clarity  .     c - +0 robe
rNeg   + . .     SustAt   .     (shield restricted)
rPois  .         Gourm    .     (no helmet)
rElec  .         Spirit   .     d - +0 cloak
rCorr  .         Warding  +     (no gloves)
rMut   .         Stasis   .     (no boots)
MR     .....                    h - amulet of warding
Stlth  ++++......               (no ring)
                                q - ring of ice

@: brilliant, lethally poisoned (-2 -> -7), flying, not resistant to hostile
enchantments, stealthy
A: carnivore 3
a: no special abilities


You were on level 4 of the Dungeon.
You were completely stuffed.

You visited 1 branch of the dungeon, and saw 4 of its levels.

You collected 213 gold pieces.

Inventory:

Hand weapons
 a - a +2 dagger (weapon)
 b - a +0 blowgun
Missiles
 o - 7 poisoned needles
Armour
 c - a +0 robe (worn)
 d - a +0 cloak (worn)
Rods
 l - a +0 rod of clouds (12/12)
   (You found it on level 2 of the Dungeon)
Jewellery
 h - an amulet of warding (around neck)
 q - a ring of ice (left hand)
Scrolls
 i - a scroll of remove curse {unknown}
 m - a scroll of random uselessness {unknown}
 p - a scroll of enchant weapon {unknown}
Potions
 j - 3 potions of curing
Comestibles
 g - a meat ration
 r - a chunk of flesh


   Skills:
 - Level 2.1 Fighting
 + Level 7.7 Short Blades
 - Level 2.6 Throwing
 - Level 1.2 Dodging
 - Level 5.3 Stealth


You had 5 spell levels left.
You didn't know any spells.

Dungeon Overview and Level Annotations

Branches:
Dungeon (4/15)
 Temple: D:4-7

Altars:
Trog
Xom

Annotations:
D:4 Grinder


Innate Abilities, Weirdness & Mutations

You are small and have problems with some larger weapons.
You are carnivorous and can eat meat at any time.


Message History

You feel very buoyant.
You fly up into the air.
The scorpion stings you.
You feel sick.
Read which item? (? for menu, Esc to quit)
You can't read that!
Unknown command.
You're too full to eat anything.
Unknown command.
Drink which item? (? for menu, Esc to quit)
Okay, then.
Read which item? (? for menu, Esc to quit)
As you read the scroll labeled AMABLO ETWUAHE, it crumbles to dust.
The creatures around you are filled with an inner flame!
It was a scroll of immolation.
The scorpion misses you.
Grinder gestures.
Grinder blinks!
You feel sick.
Grinder looks more healthy.
Grinder gestures at you. Pain shoots through your body!
You die...

#.......##.## #.
#.......#..# #.
#...>...#.##
###.##........)####
..............#)[.#
#.#5.......#...#
#.#.##.........#
#...###.#......#
#@..........####
####s....#.#####
#.....##.#.#
#.##ยง## .#.# #
#(....#.# ...##.#
#.... .....#
#......


You could see Grinder (inner flame) and a scorpion (inner flame).

Vanquished Creatures
  An orc priest (D:4)
  6 adders
  4 gnolls (D:4)
  2 oozes
  3 worms
  4 orcs (D:4)
  2 giant cockroaches (D:3)
  6 hobgoblins (D:1)
  6 kobolds
  2 quokkas
  8 bats
  A giant gecko (D:1)
  2 giant newts (D:3)
  5 goblins
  2 jackals (D:3)
  9 rats
63 creatures vanquished.

Notes
Turn   | Place    | Note
--------------------------------------------------------------
     0 | D:1      | Goblin1989 the Kobold Assassin began the quest for the Orb.
     0 | D:1      | Reached XP level 1. HP: 12/12 MP: 1/1
    93 | D:1      | Reached XP level 2. HP: 9/17 MP: 2/2
   916 | D:1      | Reached XP level 3. HP: 17/21 MP: 3/3
  1377 | D:2      | Reached skill level 5 in Short Blades
  1415 | D:2      | Reached XP level 4. HP: 26/26 MP: 4/4
  2427 | D:2      | Reached skill level 6 in Short Blades
  2755 | D:3      | Reached XP level 5. HP: 30/30 MP: 5/5
  2964 | D:3      | Found a shimmering altar of Xom.
  2965 | D:3      | Found a shimmering altar of Xom.
  2965 | D:3      | Found a shimmering altar of Xom.
  2965 | D:3      | Found a shimmering altar of Xom.
  2966 | D:3      | Found a shimmering altar of Xom.
  2979 | D:3      | Found a shimmering altar of Xom.
  3186 | D:3      | Found a bloodstained altar of Trog.
  3411 | D:4      | Reached skill level 7 in Short Blades
  3518 | D:4      | Reached XP level 6. HP: 35/35 MP: 6/6
  3560 | D:4      | Noticed Grinder
  3578 | D:4      | Killed from afar by Grinder

Vault maps used:
D:1:      lemuel_arrival_river_bridge
D:2:      first_bread, kennysheep_generic_room_8
D:3:      nicolae_overflow_hidden_temple, xom_redecorated
D:4:      item_on_display_a, uniq_grinder

Action                   |  1- 3 |  4- 6 || total
-------------------------+-------+-------++-------
Melee: Dagger            |    81 |   134 ||   215
 Fire: Blowgun           |       |    19 ||    19
  Use: Potion            |       |     3 ||     3
       Scroll            |       |     1 ||     1
 Stab: Sleeping          |     7 |    13 ||    20
       Distracted        |       |     1 ||     1
  Eat: Chunk             |     3 |    14 ||    17
